 Dungeon Crawl Stone Soup version 0.28-a0-80-g9707f7362f (webtiles) character file.

Game seed: 15624034601905344425

11996 pascalblue the Anamnesiscian (level 12, -6/63 HPs)
             Began as a Djinni Fire Elementalist on Aug 5, 2021.
             Was an Elder of Hepliaklqana.
             Killed by refrigeration
             ... invoked by Fannar
              (14 damage)
             ... on level 10 of the Dungeon.
             The game lasted 00:55:53 (8714 turns).

pascalblue the Anamnesiscian (DjFE)                 Turns: 8714, Time: 00:55:53

Health: -6/63      AC:  5    Str:  7    XL:     12   Next: 14%
Gold:   481        EV: 13    Int: 22    God:    Hepliaklqana [****..] SH:  9 Dex: 20

rFire   + + .      SeeInvis .   B - +3 long sword of Destiny {freeze, Stlth+}
rCold   . . .      Faith    .   M - +3 warlock's mirror {reflect}
rNeg    + . .      Spirit   .   H - +2 robe {rN+}
rPois   ∞          Reflect  +   (no helmet)
rElec   .          Harm     .   (no cloak)
rCorr   .          Rampage  .   l - +0 pair of gloves
Will    +....                   (boots unavailable)
Stlth   +++.......              b - amulet of regeneration
HPRegen 1.20/turn               A - +6 ring of dexterity
MPRegen 0.00/turn               L - ring of protection from cold

@: flying
A: reduced essence, sickness immunity, fire resistance 2, cold vulnerability 1,
float, innate caster, hp casting, extra vitality 1
a: Renounce Religion, Recall Ancestor, Ancestor Identity, Transference, Idealise


You were on level 10 of the Dungeon.
You worshipped Hepliaklqana.
Hepliaklqana was greatly pleased with you.
You visited 2 branches of the dungeon, and saw 12 of its levels.

You collected 600 gold pieces.
You spent 119 gold pieces at shops.

Inventory:

Hand Weapons
 i - a +1 dagger of electrocution
 z - a +4 short sword of freezing
 B - the +3 long sword of Destiny (weapon) {freeze, Stlth+}
   (You found it on level 7 of the Dungeon)

   It freezes those it strikes, dealing additional cold damage.
   It can also slow down cold-blooded creatures.
   Stlth:     It makes you more stealthy.
Missiles
 p - 3 throwing nets
 r - 4 atropa-tipped darts
Armour
 a - a +1 robe
 l - a +0 pair of gloves (worn)
 x - +0 steam dragon scales
 y - the +0 robe "Guiffeukh" {rF+}
   (You bought it in a shop on level 10 of the Dungeon)

   rF:        It protects you from fire.
 H - a +2 robe of positive energy (worn)
 M - the +3 warlock's mirror (worn) {reflect}
   (You found it on level 11 of the Dungeon)

   It can block and reflect piercing ranged attacks and magical attacks against
   the wielder's willpower.
Jewellery
 b - an amulet of regeneration (around neck)
 A - a +6 ring of dexterity (left hand)
 L - a ring of protection from cold (right hand)
Wands
 c - a wand of polymorph (9)
 s - a wand of flame (19)
 w - a wand of acid (6)
 E - a wand of charming (11)
Scrolls
 e - 5 scrolls of teleportation
 m - 2 scrolls of blinking
 o - a scroll of magic mapping
 u - 2 scrolls of fog
 v - a scroll of enchant armour
 I - a scroll of summoning
Potions
 d - 6 potions of curing
 f - 4 potions of lignification
 g - 3 potions of attraction
 h - 2 potions of mutation
 j - a potion of brilliance
 k - a potion of ambrosia {unknown}
 n - a potion of haste {unknown}
 q - 3 potions of resistance
 t - 2 potions of degeneration
 C - a potion of cancellation {unknown}
 J - a potion of flight {unknown}


   Skills:
 - Level 2.1 Dodging
 - Level 1.5 Stealth
 + Level 3.8 Shields
 + Level 11.1 Spellcasting
 + Level 11.2 Invocations


You had 4 spell levels left.
You knew the following spells:

 Your Spells              Type           Power      Damage    Failure   Level
a - Foxfire               Conj/Fire      100%       2x1d9     1%          1
b - Conjure Flame         Conj/Fire      57%        6-21      1%          3
c - Inner Flame           Hex/Fire       57%        N/A       1%          3
d - Sticky Flame          Conj/Fire      57%        2d7       1%          4
e - Fireball              Conj/Fire      28%        3d12      1%          5
f - Summon Small Mammal   Summ           100%       N/A       1%          1
g - Corpse Rot            Necr/Air       N/A        N/A       1%          2
h - Portal Projectile     Hex/Tloc       100%       N/A       1%          3
i - Teleport Other        Tloc           57%        N/A       1%          3
j - Animate Dead          Necr           28%        N/A       1%          4
Your spell library was empty.

Dungeon Overview and Level Annotations

Branches:
Dungeon (11/15)            Temple (1/1) D:4            Lair (0/6) D:9
    Orc: D:9-12

Altars:
Ashenzari
Dithmenos
Elyvilon
Fedhas
Gozag
Hepliaklqana
Kikubaaqudgha
Makhleb
Nemelex Xobeh
Okawaru
Qazlal
Ru
Sif Muna
Trog
Uskayaw
Vehumet
Wu Jian
Xom
Yredelemnul
Zin
The Shining One

Shops:
D:1 ([:(   D:4 [??   D:5 (?*(   D:9 =   D:10 [

Portals:
Trove: D:10 (show abyssal rune of Zot)

Annotations:
D:10 Fannar


Innate Abilities, Weirdness & Mutations

Your life essence is reduced to manifest your ancestor. (-10% HP)
You are immune to sickness and miasma.
You are immune to poison.
Your flesh is very heat resistant. (rF++)
You are vulnerable to cold. (rC-)
You float through the air rather than walking.
You learn spells naturally, not from books.
Your magical power is your life essence.
You have superior vitality. (+4 HP)


Message History

You conjure some foxfire!
* * * LOW HITPOINT WARNING * * *
Fannar hits Namzu but does no damage.
Fannar freezes Namzu.
Namzu hits Fannar with a +0 flail.
Casting: Foxfire (safe; 1% risk of failure)
Confirm with . or Enter, or press ? or * to list all spells.
You conjure some foxfire!
* * * LOW HITPOINT WARNING * * *
Namzu hits Fannar with a +0 flail!
Fannar casts a spell.
The foxfire hits Fannar.
Fannar is heavily wounded.
Casting: Foxfire (safe; 1% risk of failure)
Confirm with . or Enter, or press ? or * to list all spells.
You conjure some foxfire!
* * * LOW HITPOINT WARNING * * *
The foxfire hits Fannar.
Fannar is heavily wounded.
Fannar mumbles some strange words.
Namzu hits Fannar with a +0 flail!
The foxfire hits Fannar but does no damage.
Fannar is severely wounded.
Casting: Foxfire (safe; 1% risk of failure)
Confirm with . or Enter, or press ? or * to list all spells.
You conjure some foxfire!
* * * LOW HITPOINT WARNING * * *
The foxfire hits Fannar.
Fannar is severely wounded.
Fannar hits Namzu but does no damage.
Fannar freezes Namzu.
Namzu hits Fannar with a +0 flail.
The foxfire hits Fannar.
Fannar is almost dead.
Casting: Foxfire (safe; 1% risk of failure)
Confirm with . or Enter, or press ? or * to list all spells.
You conjure some foxfire!
* * * LOW HITPOINT WARNING * * *
The foxfire hits Fannar.
Fannar is almost dead.
Fannar casts a spell.
Fannar drains the heat from the surrounding environment!
You die...

##.## # ##..# # ##..##
####..## ######.....#
### #......##..#
#..####
..########..##.....##
..## #..##.§v...##
...## ##..#.§@§...##
<...# #.#.v§§....#
#### ....#
#....§§.!..# ###...
.....# #....§v...##
##..... .....#
#....v...#######......
.....# #....R..##
#.......... ......#
#....eY#####.#.......#
..[..##
#...Y..###..∩.†....###
######
#...##...#R#.#...###


You could see the friendly Namzu the knight, Fannar (ally target) and 2 ice
beasts.

Vanquished Creatures
  A two-headed ogre (D:9)
  2 wizards (D:11)
  Sigmund (D:3)
  9 yaks (D:9)
  2 wyverns
  A basilisk (D:7)
  3 steam dragons
  Menkaure (D:6)
  2 vampire mosquitoes (D:11)
  A water moccasin (D:8)
  A sky beast (D:7)
  A black bear (D:4)
  An ogre (D:4)
  3 centaurs
  2 phantoms (D:4)
  A kobold brigand (D:8)
  A bullfrog (D:6)
  3 gnoll sergeants (D:5)
  2 scorpions
  A wyvern zombie (D:5)
  A water moccasin skeleton (D:5)
  3 wights
  6 killer bees
  2 centaur zombies
  A bullfrog skeleton (D:4)
  5 hounds (D:5)
  3 jellies
  An orc priest (D:5)
  A centaur skeleton (D:4)
  An iguana (D:5)
  2 gnoll shamans (D:5)
  6 orc wizards
  17 gnolls (D:5)
  A howler monkey skeleton (D:4)
  4 adders
  A white imp (D:6)
  An ufetubus (D:4)
  20 orcs
  5 bats
  11 endoplasms
  2 giant cockroaches
  7 goblins
  11 hobgoblins
  10 jackals
  4 quokkas
  6 ball pythons
  5 frilled lizards (D:1)
  9 kobolds
  A quokka skeleton (D:4)
  5 rats
191 creatures vanquished.

Vanquished Creatures (collateral kills)
  Erica (D:8)
  2 wizards (D:11)
  A cyclops (D:9)
  A centaur zombie (D:11)
  Psyche (D:8)
  A troll (D:10)
  A wraith (D:11)
  A wyvern (D:9)
  2 steam dragons
  A vampire mosquito (D:11)
  An acid dragon (D:9)
  A hornet zombie (D:8)
  4 sky beasts
  A centaur (D:9)
  A phantom (D:7)
  Blork the orc (D:6)
  4 killer bees (D:9)
  6 wights
  A bullfrog skeleton (D:5)
  A hound (D:5)
  3 bullfrog zombies (D:6)
  2 orc priests
  An orc wizard (D:9)
  An adder (D:6)
  3 gnolls (D:5)
  A white imp (D:7)
  5 orcs
49 creatures vanquished.

Vanquished Creatures (others)
  2 knights (D:9)
  An ancestor (D:5)
  870 foxfires
873 creatures vanquished.

Grand Total: 1113 creatures vanquished

Notes
Turn   | Place    | Note
-------+----------+-------------------------------------------
     0 | D:1      | pascalblue the Djinni Fire Elementalist began the quest for
                  | the Orb.
     0 | D:1      | Reached XP level 1. HP: 15/15 MP: 0/0
    64 | D:1      | Found Zeotonn's Book Shop.
    93 | D:1      | Reached XP level 2. HP: 21/21 MP: 0/0
   164 | D:1      | Found Saulont's Weapon Shoppe.
   212 | D:1      | Reached XP level 3. HP: 19/25 MP: 0/0
   212 | D:1      | Learned a level 1 spell: Summon Small Mammal
   373 | D:1      | Found Bayrih's Antique Armour Emporium.
   390 | D:1      | Found Latet's Weapon Shop.
   928 | D:2      | Found a faded altar of an unknown god.
  1089 | D:2      | Reached XP level 4. HP: 27/31 MP: 0/0
  1672 | D:3      | Found a hide-covered altar of Uskayaw.
  1778 | D:3      | Noticed Sigmund
  1795 | D:3      | Killed Sigmund
  1796 | D:3      | Reached skill level 5 in Spellcasting
  1796 | D:3      | Reached XP level 5. HP: 35/35 MP: 0/0
  1796 | D:3      | Learned a level 2 spell: Corpse Rot
  1796 | D:3      | Reached XP level 6. HP: 40/40 MP: 0/0
  2353 | D:4      | Found Lonier's Magic Scroll Shop.
  2401 | D:4      | Noticed an ogre
  2415 | D:4      | Killed an ogre
  2416 | D:4      | Reached XP level 7. HP: 45/45 MP: 0/0
  2416 | D:4      | Learned a level 3 spell: Portal Projectile
  2441 | D:4      | Found a blossoming altar of Fedhas.
  2658 | D:4      | Found a sparkling altar of Nemelex Xobeh.
  2668 | D:4      | Found a staircase to the Ecumenical Temple.
  2680 | Temple   | Entered the Ecumenical Temple
  2778 | Temple   | Became a worshipper of Hepliaklqana the Forgotten
  2819 | D:4      | Reached XP level 8. HP: 44/50 MP: 0/0
  2955 | D:4      | Found Gaidosk's Antique Armour Boutique.
  2978 | D:4      | Found Qahoyw Buitt's Magic Scroll Emporium.
  2984 | D:4      | Reached skill level 1 in Invocations
  3151 | D:5      | Entered Level 5 of the Dungeon
  3176 | D:5      | Found Cikuikif's Antique Weapon Shoppe.
  3248 | D:5      | Found Eraqajeo's Assorted Antiques.
  3347 | D:5      | Found Miabromn's Magic Scroll Shoppe.
  3439 | D:5      | Found Woir's Antique Weapon Boutique.
  3523 | D:5      | Reached XP level 9. HP: 27/55 MP: 0/0
  3523 | D:5      | Learned a level 3 spell: Teleport Other
  3584 | D:5      | Reached * piety under Hepliaklqana
  4009 | D:5      | Reached skill level 5 in Invocations
  4337 | D:6      | Noticed Blork the orc
  4345 | D:6      | Killed Blork the orc
  4454 | D:6      | Found a blossoming altar of Fedhas.
  4904 | D:6      | Reached ** piety under Hepliaklqana
  4917 | D:6      | Noticed Menkaure
  4925 | D:6      | Killed Menkaure
  4939 | D:6      | Remembered your ancestor Namzu as a knight
  4985 | D:6      | Found a shimmering altar of Xom.
  5205 | D:7      | Identified the +3 long sword of Destiny {freeze, Stlth+}
  5220 | D:7      | HP: 2/49 [something/ball of steam (5)]
  5270 | D:7      | Reached XP level 10. HP: 54/54 MP: 0/0
  6061 | D:8      | Found a stormy altar of Qazlal.
  6165 | D:8      | Noticed Erica
  6179 | D:8      | Killed Erica
  6182 | D:8      | Reached *** piety under Hepliaklqana
  6545 | D:8      | Noticed Psyche
  6553 | D:8      | Killed Psyche
  6557 | D:8      | Reached skill level 10 in Spellcasting
  6692 | D:9      | Reached XP level 11. HP: 49/58 MP: 0/0
  6692 | D:9      | Learned a level 4 spell: Animate Dead
  6832 | D:9      | Found Gycamm's Jewellery Emporium.
  6838 | D:9      | Noticed a cyclops
  6854 | D:9      | Killed a cyclops
  6992 | D:9      | Reached skill level 10 in Invocations
  7133 | D:9      | Found a staircase to the Lair.
  7326 | D:9      | You are sucked into a shaft and drop 2 floors!
  7327 | D:11     | Noticed a wizard
  7327 | D:11     | Noticed a wizard
  7333 | D:11     | Killed a wizard
  7341 | D:11     | Killed a wizard
  7360 | D:11     | Found the +3 warlock's mirror {reflect}
  7407 | D:11     | Noticed a wizard
  7413 | D:11     | Killed a wizard
  7414 | D:11     | Reached skill level 1 in Shields
  7423 | D:11     | Noticed a wizard
  7439 | D:11     | Killed a wizard
  7650 | D:10     | Entered Level 10 of the Dungeon
  7706 | D:9      | Noticed a two-headed ogre
  7740 | D:9      | Killed a two-headed ogre
  7741 | D:9      | Reached XP level 12. HP: 45/63 MP: 0/0
  8081 | D:10     | Reached **** piety under Hepliaklqana
  8153 | D:10     | Found a portal to a secret trove of treasure.
  8260 | D:10     | Found a broken altar of Ashenzari.
  8654 | D:10     | Found Usyudy's Antique Armour Shop.
  8666 | D:10     | Bought a steaming robe for 119 gold pieces
  8666 | D:10     | Identified the +0 robe "Guiffeukh" {rF+} (You bought it in
                  | a shop on level 10 of the Dungeon)
  8698 | D:10     | Noticed Fannar
  8714 | D:10     | Killed from afar by Fannar

Illustrated notes

Levels and vault maps discovered:
D:1:      dpeg_arrival_ternary, layout_rooms, serial_shops,
          nicolae_shop_statue_plus, nicolae_shop_overgrown_old_shop,
          nicolae_square_shop, shop, chequers_serial_rivers_micro_d
D:2:      layout_loops_corners, ebering_ecumenical_altar_webs
D:3:      layout_rooms, mainiacjoe_overflow_alcove_4, uniq_sigmund
D:4:      layout_cave_pools, nemelex_diamond_rough_becter,
          minmay_temple_entry_mist, serial_shops, nicolae_diamond_shop,
          nicolae_shop_stone, nicolae_shop_waterfront, minmay_ruined_shrine
D:5:      layout_cave_pools, serial_gnoll_camp, gnoll_camp_medium_01,
          gnoll_camp_mini_shop, gnoll_camp_mini_shop, gnoll_camp_mini_shop,
          gnoll_camp_huts_basic, gnoll_camp_mini_loothouse, serial_shops,
          shop_fountains
D:6:      layout_gridville, lemuel_coloured_pillars_altar,
          fedhas_altar_fruit_tree, uniq_blork_the_orc, uniq_menkaure
D:7:      layout_basic, hangedman_misty_isle
D:8:      layout_cave_pods, mainiacjoe_overflow_boulevard, kennysheep_boxes,
          uniq_erica, uniq_psyche
D:9:      layout_loops_ring, lair_entry_dummy, nicolae_inconvenience_store
D:10:     layout_cave_pods, lemuel_crystal_altar, serial_shops,
          nicolae_shop_crystal, nicolae_trove_entry_crossroad, uniq_fannar
D:11:     minmay_smoke_and_mirrors, layout_long_grid
Temple:   eino_temple_scatter_basement

Skill      XL: |  1  2  3  4  5  6  7  8  9 10 11 |
---------------+----------------------------------+-----
Spellcasting   | 3 5 6 7 8 10 11 | 11.1
Invocations    | 3 6 9 11 | 11.2
Shields        | 3 |  3.8
Dodging        | |  2.1
Stealth        | |  1.5

Action                   |  1- 3 |  4- 6 |  7- 9 | 10-12 || total
-------------------------+-------+-------+-------+-------++-------
Melee: Unarmed           |     3 |    14 |     1 |       ||    18
       Dagger            |       |       |     4 |       ||     4
       Long sword        |       |       |       |     8 ||     8
 Cast: Foxfire           |    59 |    67 |   194 |   212 ||   532
       Corpse Rot        |       |     1 |       |       ||     1
       Fireball          |       |       |     2 |    16 ||    18
       Conjure Flame     |       |       |     1 |     1 ||     2
       Teleport Other    |       |       |       |     4 ||     4
       Inner Flame       |       |       |       |     2 ||     2
Invok: Ancestor Life: Kn |       |       |     1 |       ||     1
       Ancestor Identity |       |       |     1 |       ||     1
       Recall Ancestor   |       |       |       |     2 ||     2
  Use: Scroll            |       |     7 |     6 |    11 ||    24
 Stab: Distracted        |       |       |       |     1 ||     1
Armor: Robe              |     5 |    20 |    13 |    20 ||    58
       Steam dragon scal |       |       |       |    11 ||    11
Dodge: Dodged            |    29 |    57 |    59 |    67 ||   212
Block: Buckler           |       |       |       |    19 ||    19
       Rpst.: Long sword |       |       |       |    10 ||    10

Table legend: (Time is in decaauts)
 A = Elapsed time spent in this place.
 B = Non-inter-level travel time spent in this place.
 C = Inter-level travel time spent in this place.
 D = Time resting spent in this place.
 E = Time spent auto-exploring this place.
 F = Levels seen in this place.
 G = Mean time per level.
                   A        B        C        D        E       F      G
               +--------+--------+--------+--------+--------+-----+--------+
         Total |   8716 |   8467 |    249 |    324 |   5124 |  12 |  726.3 |
       Dungeon |   8607 |   8368 |    239 |    324 |   5124 |  11 |  782.5 |
        Temple |    108 |     98 |     10 |      0 |      0 |   1 |  108.0 |
               +--------+--------+--------+--------+--------+-----+--------+

Top non-repeatable levels by time:
     D:5: 1011 daAuts
     D:9: 985 daAuts
     D:6: 932 daAuts
     D:2: 887 daAuts
     D:3: 833 daAuts
     D:8: 825 daAuts
     D:7: 766 daAuts
     D:4: 732 daAuts
    D:10: 719 daAuts
     D:1: 589 daAuts
    D:11: 323 daAuts
  Temple: 108 daAuts
